[Event "Early-Titled-Tuesday-Blitz-November-28-2023"]
[Site "Chess.com"]
[Date "2023.11.28"]
[Round "5"]
[White "kubal123"]
[Black "olksuna"]
[Result "1-0"]
[WhiteElo "2580"]
[BlackElo "2727"]
[TimeControl "180+1"]
[EndTime "8:58:22 PST"]
[Termination "kubal123 won by checkmate"]

1. e4 e5 2. Nf3 Nc6 3. Bb5 a6 4.
Bxc6 dxc6 5. O-O Bd6 6. d4 exd4 7. Qxd4 f6 8. Nc3 Ne7 9. e5 fxe5 10. Nxe5 Nf5 11.
Qe4 Qe7 12. Nc4 Be6 13. Bg5 Qxg5 14. Qxe6+ Be7 15. Ne5 Qf6 16. Qd7+ Kf8 17. Qxc7 Qd6 18. Qxb7 Re8 19. Nd7+ Kf7 20. Rad1 Qb4 21. Qxc6 g6 22. Rfe1 Qxb2 23. Qe6+ Kg7 24. Qe5+ Kf7 25. Qe6+ Kg7 26. Nd5 Bb4 27. Qb6 Ba3 28. Qa7 Kh6 29. N7f6 Rxe1+ 30. Rxe1 Qxc2 31. g4 Bc5 32. g5+ Kxg5 33. Ne4+ Qxe4 34. Qxc5 Qg4+ 35. Kh1 Qf3+ 36. Kg1 Qg4+ 37. Kh1 Qf3+ 38. Kg1 Kh6 39. Qc1+ g5 40. Re6+ Kh5 41. Nf6+ Kh4 42. Re4+ Kh3 43. Qf1+ Qg2+ 44. Qxg2# 1-0

[Event "Early-Titled-Tuesday-Blitz-November-28-2023"]
[Site "Chess.com"]
[Date "2023.11.28"]
[Round "5"]
[White "juniortay"]
[Black "SlavenPastar"]
[Result "0-1"]
[WhiteElo "2486"]
[BlackElo "2647"]
[TimeControl "180+1"]
[EndTime "8:58:22 PST"]
[Termination "SlavenPastar won by resignation"]

1. e4 b6 2. Nc3 Bb7 3. f4 e6 4. Nf3 Nf6 5. e5 Ne4 6. Bd3 Nxc3 7. dxc3 g6 8. O-O Bg7 9. Qe1 Nc6 10. Ng5 d5 11. b3 Ne7 12. a4 a6 13. Ba3 c5 14. b4 c4 15. Be2 b5 16. Bc1 Qb6+ 17. Qf2 Qxf2+ 18. Kxf2 h5 19. Be3 Nf5 20. Nf3 Kd7 21. Nd4 Bc6 22. Nxf5 gxf5 23. a5 f6 24. Bd4 fxe5 25. fxe5 h4 26. Rae1 Rag8 27. Bd1 Bh6 28. Bf3 Bf4 29. Rh1 Ke7 30. Reg1 Be8 31. g3 hxg3+ 32.
hxg3 Rxh1 33. Bxh1 Bg5 34. Bf3 Rh8 35. Rh1 Rxh1 36.
Bxh1 Bh5 37. Bf3 Bxf3 38. Kxf3 Kf7 39. g4 Kg6 40. Kg3 Bd2 41. Kf3 Kg5 42. gxf5 Kxf5 43. Ke2 Bf4 44. Kf3 Bxe5 45. Ke3 Bf4+ 46. Kf3 Bd2 47. Ke2 Bc1 48. Kf3 e5 49. Bc5 Bd2 50. Ke2 Bxc3 51. Be7 d4 0-1

[Event "Early-Titled-Tuesday-Blitz-November-28-2023"]
[Site "Chess.com"]
[Date "2023.11.28"]
[Round "5"]
[White "Truequitos"]
[Black "HalfIsCrayfish"]
[Result "1-0"]
[WhiteElo "2502"]
[BlackElo "2615"]
[TimeControl "180+1"]
[EndTime "8:58:22 PST"]
[Termination "Truequitos won by resignation"]

1. Nf3 d5 2. g3 c6 3. Bg2 Nf6 4. O-O Bf5 5. c4 h6 6. d4 e6 7. Qb3 Qb6 8. c5 Qxb3 9. axb3 Nbd7 10. b4 a6 11. Nbd2 Rb8 12. Nb3 g5 13. h4 Ne4 14.
hxg5 hxg5 15. Nxg5 Nxg5 16. Bxg5 f6 17. Bf4 e5 18. Bd2 Bh6 19. Bxh6 Rxh6 20. Rfe1 e4 21. f3 exf3 22. exf3+ Kf7 23. Na5 Rhh8 24. Re3 Rhe8 25.
Rae1 Rxe3 26. Rxe3 Nf8 27. g4 Bd7 28. Nb3 Ne6 29.
Kf2 b6 30. Bf1 bxc5 31. bxc5 a5 32. Nxa5 Rxb2+ 33. Re2 Rxe2+ 34. Bxe2 Nxd4 35. Nb7 f5 36. Bd1 fxg4 37. fxg4 Kg6 38. Ke3 Ne6 39. Bc2+ Kf6 40. Bf5 Ke7 41. Bxe6 Bxe6 42. Kf4 Kf6 43. Na5 d4 44.
Nxc6 d3 45. g5+ Kg6 46. Ne5+ Kg7 47. Nxd3 Bc4 48. Nb4 Bb5 49. c6 Kg6 50. c7 Bd7 51.
Nd5 Be6 52. Nb6 Kg7 53. c8=Q Bxc8 54. Nxc8 Kg6 55. Ne7+ Kg7 56. Kf5 Kf8 57. Kf6 Ke8 58. g6 Kf8 59. g7+ Ke8 60. g8=Q+ Kd7 61. Qd5+ 1-0

[Event "Early-Titled-Tuesday-Blitz-November-28-2023"]
[Site "Chess.com"]
[Date "2023.11.28"]
[Round "5"]
[White "Casper"]
[Black "Willi_Skibbe"]
[Result "1-0"]
[WhiteElo "2424"]
[BlackElo "2267"]
[TimeControl "180+1"]
[EndTime "8:58:23 PST"]
[Termination "Casper won on time"]

1. d4 Nf6 2. Bf4 d5 3. e3 c5 4. Nf3 Qb6 5. Na3 a6 6. Qc1 Nc6 7. c3 Bf5 8. h3 e6 9. Be2 Be7 10. O-O O-O 11. Nh4 Bg6 12. Nxg6 hxg6 13. Rb1 Rac8 14.
dxc5 Bxc5 15. b4 Be7 16. b5 axb5 17. Nxb5 Qd8 18. Nd4 Nxd4 19. exd4 Ne4 20. Rxb7 Nxc3 21. Qb2 Nxe2+ 22. Qxe2 Bf6 23. Be5 Bxe5 24. Qxe5 Qa5 25. Rb2 Rc4 26. Rfb1 Qc3 27. Rb8 Rcc8 28. R8b7 Rc4 29.
Rb8 Rcc8 30. R8b7 Rc4 31. Qd6 Qxd4 32. Rb8 Rcc8 33. Rxc8 Rxc8 34. Qd7 Rf8 35. a4 Qe4 36.
Ra1 d4 37. a5 d3 38. a6 d2 39.
Qxd2 Ra8 40. Qd7 Qd5 41. Qc7 Kf8 42. a7 Kg8 43. Rb1 Kh7 44. Qf4 g5 45. Qe3 e5 46.
Rb8 f6 47. Kh2 Kh6 48. h4 1-0

[Event "Early-Titled-Tuesday-Blitz-November-28-2023"]
[Site "Chess.com"]
[Date "2023.11.28"]
[Round "5"]
[White "Flawless_Fighter"]
[Black "GP9isback23"]
[Result "0-1"]
[WhiteElo "2799"]
[BlackElo "2627"]
[TimeControl "180+1"]
[EndTime "8:58:24 PST"]
[Termination "GP9isback23 won by resignation"]

1. e4 c6 2. d4 d5 3. exd5 cxd5 4. Bd3 Nc6 5. c3 g6 6. Bf4 Nh6 7. Nd2 Bf5 8. Bxf5 Nxf5 9. Ngf3 Bg7 10. O-O O-O 11. Re1 e6 12. Qe2 Re8 13. a4 Rc8 14.
g3 Qb6 15. Nf1 a6 16. h4 Na5 17. h5 Nc4 18. Rab1 f6 19. Qd3 g5 20. Bd2 Qc7 21.
Re2 Nfd6 22. b3 Nxd2 23. N1xd2 Qxc3 24. Qxc3 Rxc3 25. Rbe1 Kf7 26. Kg2 Bf8 27. g4 h6 28.
Nh2 Bg7 29. Nhf1 f5 30. Re3 Bxd4 31. Rxc3 Bxc3 32. gxf5 Nxf5 33. Rc1 Bxd2 34. Nxd2 e5 35. Rc7+ Re7 36. Rc8 Ng7 37. Rd8 Nxh5 38. Kf3 Nf6 39. Rh8 Kg7 40. Rb8 h5 41. Nf1 h4 42. Ne3 e4+ 43.
Ke2 Kg6 44. Rd8 g4 45. Rd6 Kg5 46. Nxd5 Nxd5 47. Rxd5+ Kf4 48. Rh5 h3 49. Rh8 Rf7 50.
Rh6 Rg7 51. Rf6+ Kg5 52. Rf8 Rh7 53. Rg8+ Kf6 0-1

[Event "Early-Titled-Tuesday-Blitz-November-28-2023"]
[Site "Chess.com"]
[Date "2023.11.28"]
[Round "5"]
[White "baki83"]
[Black "Vesper2018"]
[Result "1-0"]
[WhiteElo "2818"]
[BlackElo "2613"]
[TimeControl "180+1"]
[EndTime "8:58:25 PST"]
[Termination "baki83 won on time"]

1. e4 c5 2. Nf3 d6 3. Bb5+ Bd7 4.
Bxd7+ Qxd7 5. O-O Nf6 6. Re1 Nc6 7. c3 e6 8. d4 cxd4 9. cxd4 d5 10. e5 Ne4 11. Nbd2 Nxd2 12. Bxd2 Be7 13. Re3 O-O 14. Bc3 f6 15. exf6 Rxf6 16. Qe2 Bd6 17. Re1 Re8 18.
g3 Ref8 19. Ng5 Rxf2 20. Qd3 g6 21. Rxe6 R2f6 22. Qb5 Rf5 23. Bd2 Qc7 24. Rxd6 Qxd6 25. Qxb7 Rxg5 26. Bxg5 Nxd4 27. Bh6 Nf3+ 28. Kh1 Qf6 29.
Qxd5+ Kh8 30. Rf1 Qf5 31. Qxf5 Rxf5 32. Be3 a5 33. b3 g5 34. Kg2 g4 35. h3 h5 36.
hxg4 hxg4 37. Rc1 Kg7 38. Rc4 Kf6 39. Rxg4 Ne1+ 40. Kh3 Nd3 41. Bd4+ Ke6 42. Be3 Ne1 43. Rg6+ Kd5 44. Rg5 Rxg5 45. Bxg5 Ke4 46. Bd2 1-0

[Event "Early-Titled-Tuesday-Blitz-November-28-2023"]
[Site "Chess.com"]
[Date "2023.11.28"]
[Round "5"]
[White "jcmesafischer"]
[Black "lefonghua"]
[Result "1/2-1/2"]
[WhiteElo "2347"]
[BlackElo "2713"]
[TimeControl "180+1"]
[EndTime "8:58:25 PST"]
[Termination "Game drawn - insufficient material"]

1. e4 c5 2. Nf3 g6 3. d4 cxd4 4. Nxd4 Bg7 5. c4 Nc6 6. Be3 Nf6 7. Nc3 O-O 8. Be2 d6 9. O-O Bd7 10. h3 Nxd4 11. Bxd4 Bc6 12. Qd3 a5 13. f4 Nd7 14. Bxg7 Kxg7 15. Qd4+ Kg8 16. Nd5 Bxd5 17. cxd5 Qb6 18. Qxb6 Nxb6 19. Rac1 Rac8 20. Bg4 f5 21. exf5 gxf5 22. Be2 Kg7 23. Bf3 Nc4 24. Rf2 Nb6 25.
Rfc2 Rxc2 26. Rxc2 Rc8 27. Rxc8 Nxc8 28. Kf2 Nb6 29. b3 Kf6 30. Ke3 h6 31. Kd4 Kg6 32. g4 fxg4 33. hxg4 Kf6 34. Be4 Na8 35. Kc4 Nc7 36.
a4 b6 37. b4 axb4 38. Kxb4 e6 39. dxe6 Kxe6 40. g5 hxg5 41. fxg5 d5 42. Bd3 Ke5 43. a5 bxa5+ 44. Kxa5 Kd4 45. Bb1 Ne6 46. g6 Ng7 47.
Kb6 Kc3 48. Kc6 d4 49. Be4 Nh5 50. Kd6 Kd2 51. Ke6 Ke3 52. Bb1 Ng7+ 53. Kf7 Nh5 54. g7 Nxg7 55. Kxg7 Kd2 56. Bg6 Ke3 57. Kf6 Kf4 58.
Ke6 d3 59. Bxd3 1/2-1/2

[Event "Early-Titled-Tuesday-Blitz-November-28-2023"]
[Site "Chess.com"]
[Date "2023.11.28"]
[Round "5"]
[White "BogdanDeac"]
[Black "Pendos666"]
[Result "1-0"]
[WhiteElo "2994"]
[BlackElo "2801"]
[TimeControl "180+1"]
[EndTime "8:58:26 PST"]
[Termination "BogdanDeac won by resignation"]

1. b3 c5 2. Bb2 Nf6 3. e3 e6 4. c4 Be7 5. g3 O-O 6. Bg2 Nc6 7. Nf3 b6 8. O-O Bb7 9. d4 cxd4 10. Nxd4 d5 11. Nd2 Rc8 12. Rc1 Nxd4 13. Bxd4 Qd7 14. Nf3 dxc4 15. Ne5 Qc7 16. Rxc4 Bc5 17. Bxb7 Qxb7 18.
Bxc5 bxc5 19. Qc2 h5 20. h4 Rfd8 21. e4 Rd4 22. Re1 Rxc4 23. Nxc4 Rd8 24. f3 Rd4 25. Rd1 Qc7 26. Kg2 Nd7 27. Nb2 Rxd1 28. Nxd1 Ne5 29.
Qc3 Qd6 30. Nb2 g6 31. Kf2 Kh7 32. Kg2 f6 33. Qc2 Kg7 34. Qe2 g5 35. hxg5 fxg5 36.
Nc4 Nxc4 37. bxc4 h4 38. gxh4 gxh4 39. e5 Qd4 40. Kh3 Kg6 41. Qc2+ Kg5 42. Qc1+ Kf5 43. Qh6 Kxe5 44. Qg7+ Kd6 45. Qf8+ Kc7 46. Qe7+ Kb6 47.
Qxe6+ Ka5 48. Qe4 Qb2 49. Qxh4 Qxa2 50. Qd8+ Kb4 51. Qb8+ Kxc4 52. Qg8+ Kc3 53. Qxa2 1-0

[Event "Early-Titled-Tuesday-Blitz-November-28-2023"]
[Site "Chess.com"]
[Date "2023.11.28"]
[Round "5"]
[White "bascheyaro"]
[Black "wadsy27"]
[Result "0-1"]
[WhiteElo "2827"]
[BlackElo "2643"]
[TimeControl "180+1"]
[EndTime "8:58:27 PST"]
[Termination "wadsy27 won by checkmate"]

1. d4 f5 2. Nf3 Nf6 3. c4 g6 4.
Nc3 Bg7 5. Bf4 O-O 6. e3 d6 7. d5 Nbd7 8. Be2 Nc5 9. h4 Nh5 10. Nd4 Nxf4 11. exf4 h5 12. g3 e6 13. dxe6 Nxe6 14.
Nxe6 Bxe6 15. O-O Bf7 16. Re1 c6 17. Qd3 Qc7 18. Rad1 Rad8 19. b3 Rfe8 20. Bf3 Rxe1+ 21. Rxe1 Qa5 22. Re3 Qxc3 23. Qxc3 Bxc3 24. Rxc3 d5 25.
cxd5 Bxd5 26. Kg2 Kf7 27. a3 Bxf3+ 28. Kxf3 Rd2 29. Ke3 Rb2 30. b4 Ke6 31. Rd3 a5 32. bxa5 Rb5 33. Kd4 Rd5+ 34. Kc4 Rxd3 35. Kxd3 Kd5 36.
Kc3 c5 37. a4 c4 38. f3 Kc5 39. g4 Kd5 40. gxf5 gxf5 41. Kb4 Kd4 42. Kb5 c3 43. Kb6 c2 44. Kxb7 c1=Q 45. a6 Kd5 46. a7 Qc6+ 47. Kb8 Qb6+ 48. Ka8 Qc7 49. a5 Kc6 50. a6 Qc8# 0-1

[Event "Early-Titled-Tuesday-Blitz-November-28-2023"]
[Site "Chess.com"]
[Date "2023.11.28"]
[Round "5"]
[White "Aguiar94"]
[Black "defenceboy"]
[Result "0-1"]
[WhiteElo "2634"]
[BlackElo "2876"]
[TimeControl "180+1"]
[EndTime "8:58:28 PST"]
[Termination "defenceboy won on time"]

1. e4 e5 2. Nf3 Nc6 3. Nc3 Nf6 4.
Bb5 Bb4 5. O-O O-O 6. d3 Bxc3 7. bxc3 d6 8. Bg5 Bd7 9. a4 a6 10. Bc4 Be6 11. Bb3 Bxb3 12. cxb3 Qe7 13. Re1 Nd8 14. d4 Ne6 15. Bd2 Rad8 16. Qc2 Nd7 17. g3 h6 18. d5 Ng5 19. Bxg5 hxg5 20. Qd2 f6 21. b4 Qf7 22. c4 Qh5 23. Kg2 Rf7 24. Rac1 Nf8 25.
c5 Ng6 26. Qe2 g4 27. Nd2 Rdf8 28. f3 f5 29. fxg4 fxg4 30. Rf1 Nf4+ 31. gxf4 exf4 32. Kg1 Rf6 33. cxd6 cxd6 34. Rc7 Qh4 35. Qf2 Qh3 36. Kh1 Rh6 37. Qg2 Qh4 38. Rg1 f3 39. Qg3 f2 40.
Qxh4 fxg1=Q+ 41. Kxg1 Rxh4 42. Kg2 Rh3 43. Rxb7 Rc3 44.
Nf1 Rc2+ 45. Kg3 Rxf1 46. Kxg4 Rxh2 0-1

[Event "Early-Titled-Tuesday-Blitz-November-28-2023"]
[Site "Chess.com"]
[Date "2023.11.28"]
[Round "5"]
[White "chess_blitz00"]
[Black "KVAIDAN"]
[Result "0-1"]
[WhiteElo "2492"]
[BlackElo "2362"]
[TimeControl "180+1"]
[EndTime "8:58:28 PST"]
[Termination "KVAIDAN won on time"]

1. d4 e6 2. b3 f5 3. Bb2 Nf6 4.
g3 Be7 5. Bg2 O-O 6. Nd2 d5 7. Ngf3 Nbd7 8. O-O b6 9. c4 c6 10. Ne5 Nxe5 11. dxe5 Nd7 12. f4 Ba6 13. Rc1 Rc8 14. Nf3 Bc5+ 15. Kh1 Qe7 16. Qd2 Rfd8 17. cxd5 cxd5 18. Nd4 Bxd4 19. Bxd4 Nc5 20. Rc3 Ne4 21. Bxe4 dxe4 22. Rfc1 Rxc3 23. Rxc3 Bxe2 24. Qxe2 Rxd4 25. Qc2 Qd7 26. Rc8+ Kf7 27. Rc7 Rd1+ 28. Qxd1 Qxc7 29. Qh5+ Kf8 30. Qxh7 e3 31. Qh8+ Kf7 32. Qh5+ Ke7 33.
Qe2 Qc6+ 34. Kg1 Qe4 35. h3 g5 36. fxg5 Qxe5 37. Kh2 Kf7 38. g6+ Kxg6 39. h4 Kh6 40. Kh3 Qe4 41. Kh2 e5 42. Qb5 e2 43. Qe8 f4 44. Qh8+ Kg6 45. Qg8+ Kf6 46. Qf8+ Ke6 47. Qe8+ Kd5 48. Qd7+ Kc5 49. Qc7+ Kd4 50. Qc4+ Ke3 51. Qc1+ Kf3 52. Qg1 e1=Q 53. Qg2+ Ke3 54. g4 Qxg2+ 55. Kxg2 Qg3+ 0-1

[Event "Early-Titled-Tuesday-Blitz-November-28-2023"]
[Site "Chess.com"]
[Date "2023.11.28"]
[Round "5"]
[White "kunaevchess"]
[Black "dianamirza"]
[Result "1-0"]
[WhiteElo "2294"]
[BlackElo "1990"]
[TimeControl "180+1"]
[EndTime "8:58:28 PST"]
[Termination "kunaevchess won on time"]

1. e4 d5 2. exd5 Qxd5 3. Nc3 Qd8 4. d4 Nf6 5. Bc4 a6 6. Nge2 b5 7. Bb3 Bb7 8. O-O e6 9. Re1 Be7 10. Ng3 O-O 11. Qd3 c5 12. dxc5 Qxd3 13. cxd3 Bxc5 14. Be3 Nbd7 15. Rad1 Ng4 16. Bxc5 Nxc5 17. Bc2 Rac8 18. d4 Nd7 19. h3 Ngf6 20. Bb1 Nd5 21. Nce4 N7f6 22.
Nd6 Rc7 23. Nxb7 Rxb7 24. Rc1 Rc7 25. Ne4 Rfc8 26. Rxc7 Rxc7 27. Nc5 Rc6 28. Bd3 g6 29. Rc1 Nf4 30. Bf1 Ne4 31. b4 Nd5 32. a3 Nec3 33. g3 Na4 34. Bd3 Nab6 35. Rc2 Nc8 36. Nxa6 Rxc2 37. Bxc2 Nd6 38. Bd3 Nc4 39. Bxc4 bxc4 40.
Nc5 c3 41. Nd3 Nb6 42. Kf1 Nc4 43. a4 Nb2 44. Ke2 Nxa4 45. b5 Nb6 46. Nc5 Nd5 47. Kd3 Kf8 48. f4 Ke7 49. Ne4 Kd7 50. Nxc3 Nb4+ 51. Kc4 1-0

[Event "Early-Titled-Tuesday-Blitz-November-28-2023"]
[Site "Chess.com"]
[Date "2023.11.28"]
[Round "5"]
[White "jaskol95"]
[Black "A-Fier"]
[Result "0-1"]
[WhiteElo "2537"]
[BlackElo "2755"]
[TimeControl "180+1"]
[EndTime "8:58:30 PST"]
[Termination "A-Fier won by resignation"]

1. e4 Nf6 2. e5 Nd5 3. c4 Nb6 4. c5 Nd5 5. Nc3 e6 6. d4 b6 7. Nxd5 exd5 8. cxb6 axb6 9. Nf3 d6 10. Bd3 dxe5 11.
Nxe5 Bd6 12. Bb5+ Kf8 13. O-O Ba6 14. Bxa6 Rxa6 15. Bf4 f6 16. Nd3 Nc6 17. Qh5 Ra5 18. Qg4 h5 19. Qe6 Nxd4 20. Bxd6+ Qxd6 21. Qxd6+ cxd6 22. Rfd1 Ne6 23. Nb4 d4 24. Nc6 Rd5 25. Rac1 Kf7 26. Nb4 Rc5 27. Nd3 Rxc1 28. Rxc1 Ra8 29. a3 Ke7 30. Kf1 Kd7 31. Ke2 Ra5 32. Kd2 Rg5 33. g3 h4 34. Rc4 h3 35. Ra4 Nc5 36. Ra7+ Kc6 37. Nb4+ Kb5 38. Nc2 Kc4 39. Ra8 Nb3+ 40. Kd1 Rf5 41. f4 Kd3 42. Rd8 Rc5 43. Nb4+ Ke3 44. Re8+ Kf3 45. Nd3 Rc7 46. Ne1+ Kf2 47. Re2+ Kf1 48. Nd3 g5 49. Rf2+ Kg1 50. Ke1 Re7+ 51.
Ne5 Nd2 52. Rxd2 dxe5 53. fxg5 fxg5 54. Ke2 g4 55. Kd3 Rf7 56. Ke4 Rf2 57. Rd1+ Kxh2 58. Kxe5 Kxg3 59. Kxd4 Rxb2 60. Rg1+ Kh4 61. Ke4 h2 62. Rc1 g3 63. Kf4 g2 64. Rc8 Rf2+ 65.
Ke3 g1=Q 66. Rh8+ Kg3 67. Rg8+ Kh3 68. Rh8+ Kg2 69. Rg8+ Kf1 70. Rc8 Rc2+ 71. Kf3 h1=Q+ 0-1

[Event "Early-Titled-Tuesday-Blitz-November-28-2023"]
[Site "Chess.com"]
[Date "2023.11.28"]
[Round "5"]
[White "ElDivis"]
[Black "Korchmar_Vasiliy"]
[Result "1-0"]
[WhiteElo "2503"]
[BlackElo "2720"]
[TimeControl "180+1"]
[EndTime "8:58:30 PST"]
[Termination "ElDivis won by resignation"]

1. d4 Nf6 2. Nf3 d5 3. c4 e6 4. Nc3 dxc4 5. e4 b5 6. e5 Nd5 7.
Nxb5 Nb6 8. Be2 Qd7 9. Nc3 Bb7 10. O-O Nc6 11. Qd2 Be7 12. Qf4 h6 13. Rd1 g5 14.
Qg3 Nb4 15. Be3 O-O-O 16. Rac1 Rdg8 17. a3 N4d5 18. Nxd5 Bxd5 19. Nd2 Qa4 20. Bf3 c6 21. Bxd5 cxd5 22. b3 Qc6 23. bxc4 dxc4 24. Qf3 Qxf3 25. gxf3 Bxa3 26. Rc2 g4 27. f4 Kb8 28. Nxc4 Nxc4 29.
Rxc4 Rc8 30. Rb1+ Ka8 31. Ra4 Rc3 32. d5 Bc5 33. Bxc5 Rxc5 34. d6 Rd8 35. Rab4 a5 36. Rb5 Rxb5 37. Rxb5 f6 38. Rxa5+ Kb7 39. Rc5 fxe5 40.
fxe5 Rf8 41. Rc7+ Kb6 42. Re7 Kc6 43. Rxe6 h5 44. Re7 h4 45. Kg2 Rf3 46. h3 Rxh3 47. d7 Rd3 48. e6 h3+ 49. Kh2 Rd2 50. Re8 Kc7 51. Rc8+ 1-0

[Event "Early-Titled-Tuesday-Blitz-November-28-2023"]
[Site "Chess.com"]
[Date "2023.11.28"]
[Round "5"]
[White "ahkashefi2800"]
[Black "LileKoridze"]
[Result "1-0"]
[WhiteElo "2552"]
[BlackElo "2372"]
[TimeControl "180+1"]
[EndTime "8:58:30 PST"]
[Termination "ahkashefi2800 won by checkmate"]

1. d4 Nf6 2. Nf3 d5 3. c4 e6 4. cxd5 exd5 5. Nc3 c5 6. Bg5 cxd4 7. Nxd4 Nc6 8. e3 Be7 9. Be2 O-O 10. O-O h6 11.
Bh4 Be6 12. Rc1 Rc8 13. Bf3 a6 14. a3 Ne5 15. Bg3 Nc4 16. Qe2 Qd7 17. Rfd1 Rfd8 18.
Nxe6 Qxe6 19. Bh4 g5 20. Bg3 Ne4 21. Nxe4 dxe4 22. Rxd8+ Bxd8 23. Bh5 b5 24. h3 Bf6 25.
Rc2 Rd8 26. a4 Qd5 27. axb5 axb5 28. b3 Ne5 29. Rc7 Rd7 30. Bxe5 Bxe5 31. Rxd7 Qxd7 32.
b4 Kg7 33. g3 Qc6 34. Qa2 Qc4 35. Qa7 Qc7 36. Qa6 Qc1+ 37. Kg2 Qc4 38. Qb7 Qc7 39. Qxe4 Qd6 40. Qf5 Qd5+ 41. e4 Qd4 42. Qxf7+ Kh8 43. Qe8+ Kg7 44. Qg6+ Kf8 45. Qf7# 1-0

[Event "Early-Titled-Tuesday-Blitz-November-28-2023"]
[Site "Chess.com"]
[Date "2023.11.28"]
[Round "5"]
[White "Akylbek2021"]
[Black "colegiodemadrid"]
[Result "1/2-1/2"]
[WhiteElo "2233"]
[BlackElo "2477"]
[TimeControl "180+1"]
[EndTime "8:58:30 PST"]
[Termination "Game drawn by repetition"]

1. c4 e6 2. Nf3 Nf6 3. d4 d5 4. Qc2 Bb4+ 5. Bd2 Be7 6. Bf4 c6 7. Nbd2 O-O 8. e4 dxe4 9. Nxe4 Nxe4 10. Qxe4 a5 11. Bd3 g6 12. h4 f5 13. Qe3 a4 14. h5 Qa5+ 15. Kf1 Bf6 16. Ne5 Bxe5 17. Bxe5 Nd7 18. hxg6 Nxe5 19. gxh7+ Kh8 20. Qxe5+ Qxe5 21. dxe5 Rd8 22. Ke2 Bd7 23. f4 c5 24. Rh6 Bc6 25. Rxe6 Bxg2 26. Bxf5 Rd4 27. Rg1 Bc6 28. Rd6 Rxf4 29.
Bd3 Re8 30. e6 Rf6 31. Rg5 Rfxe6+ 32. Rxe6 Rxe6+ 33. Kd2 Re8 34. Rxc5 Be4 35. Bxe4 Rxe4 36. Rc8+ Kxh7 37. Rc7+ Kg6 38. Rxb7 Rxc4 39. Kd3 Rg4 40. Kc3 Kf6 41. Rb4 Rg3+ 42. Kc4 a3 43. bxa3 Rxa3 44. Rb2 Ke6 45. Kb4 Ra8 46. Rd2 Rb8+ 47. Kc5 Ra8 48. Kb5 Rb8+ 49. Kc6 Ra8 50. Kb7 Ra3 51. Kb6 Ke5 52.
Kb5 Ra8 53. a4 Rb8+ 54. Kc6 Ra8 55. Kb5 Rb8+ 56. Kc5 Ra8 57. Kb4 Rb8+ 58. Ka3 Ra8 59. Rd1 Ke6 60. Kb4 Rb8+ 61. Kc4 Ra8 62. Kb5 Rb8+ 63.
Kc5 Ra8 64. Rd4 Ke5 65. Rd5+ Ke6 66. Rd4 Ke5 67. Rc4 Ke6 68. Kb5 Kd6 69. Rc1 Rb8+ 70.
Ka5 Ra8+ 71. Kb5 Rb8+ 72. Ka6 Ra8+ 73. Kb5 1/2-1/2

[Event "Early-Titled-Tuesday-Blitz-November-28-2023"]
[Site "Chess.com"]
[Date "2023.11.28"]
[Round "5"]
[White "Chessdude1987"]
[Black "Gyulamiryan-koryun"]
[Result "0-1"]
[WhiteElo "2317"]
[BlackElo "1929"]
[TimeControl "180+1"]
[EndTime "8:58:30 PST"]
[Termination "Gyulamiryan-koryun won on time"]

1. e4 e5 2. Nf3 Nc6 3. d4 exd4 4. Nxd4 Bc5 5. Nxc6 Qf6 6. Qd2 dxc6 7. Nc3 Bd7 8. Na4 Be7 9. Bd3 O-O-O 10. Qe2 c5 11. Nc3 c6 12. O-O g5 13. e5 Qe6 14. Bc4 Qf5 15. f4 g4 16. Ne4 Be6 17.
Ng3 Bxc4 18. Qxc4 Qe6 19. Qe2 f5 20. Be3 h5 21. Rfe1 h4 22. Nf1 Nh6 23. a3 Rdg8 24. c4 g3 25. h3 Ng4 26. Reb1 Nxe3 27. Nxe3 Qh6 28. Qf3 Rd8 29. Nxf5 Qf8 30. Ne3 Rd3 31. Rd1 Qd8 32. Qe4 Rd2 33. f5 Bg5 34. Rxd2 Qxd2 35. Ng4 Kd8 36. Rf1 Re8 37. f6 Qd4+ 38.
Qxd4+ cxd4 39. f7 Rf8 40. Rf5 Be3+ 41. Kf1 Ke7 42. Nf6 Ke6 43. Rf3 Bc1 44. Ke2 Bxb2 45. Kd3 Bxa3 46. Ke4 Be7 0-1

[Event "Early-Titled-Tuesday-Blitz-November-28-2023"]
[Site "Chess.com"]
[Date "2023.11.28"]
[Round "5"]
[White "Chessmissile07"]
[Black "AljoschaFeuerstack"]
[Result "1-0"]
[WhiteElo "2862"]
[BlackElo "2648"]
[TimeControl "180+1"]
[EndTime "8:58:31 PST"]
[Termination "Chessmissile07 won on time"]

1. a3 d5 2. d4 Nf6 3. Nf3 Bf5 4. e3 e6 5. c4 c5 6. Nc3 Nc6 7. cxd5 Nxd5 8. Bc4 Nxc3 9. bxc3 Be7 10. O-O O-O 11. Re1 Rc8 12. e4 Bg4 13. d5 Bxf3 14. Qxf3 Ne5 15. Qe2 Nxc4 16. Qxc4 exd5 17. exd5 Bd6 18.
a4 Qd7 19. Qb5 Qf5 20. Qxb7 Rc7 21. Qb3 c4 22. Qd1 Rc5 23. Qd4 Qxd5 24. Be3 Qxd4 25. Bxd4 Ra5 26. Reb1 Rb8 27. Rxb8+ Bxb8 28. g3 Bd6 29.
Rb1 Rxa4 30. Rb7 f6 31. f4 a5 32. Rd7 Bf8 33. h4 Ra1+ 34. Kf2 a4 35. Rc7 a3 36.
Kg2 Ra2+ 37. Kf3 Ra1 38. Kg4 a2 39. Ra7 h6 40. h5 Kh8 41. Kf5 Kg8 42. g4 Kh8 43.
Ra8 Kg8 44. Bc5 Rb1 45. Kg6 1-0

[Event "Early-Titled-Tuesday-Blitz-November-28-2023"]
[Site "Chess.com"]
[Date "2023.11.28"]
[Round "5"]
[White "BarloNadera"]
[Black "ViktoriyaTarasova"]
[Result "0-1"]
[WhiteElo "2126"]
[BlackElo "2364"]
[TimeControl "180+1"]
[EndTime "8:58:31 PST"]
[Termination "ViktoriyaTarasova won on time"]

1. d4 Nf6 2. c4 e6 3. Nc3 Bb4 4.
Qc2 O-O 5. a3 Bxc3+ 6. Qxc3 b6 7. Bg5 Bb7 8. e3 d6 9. f3 Nbd7 10. Qc2 h6 11. Bh4 c5 12. Ne2 Rc8 13. Nc3 Qe7 14.
Bd3 cxd4 15. exd4 e5 16. d5 g5 17. Bf2 a6 18. a4 b5 19. axb5 axb5 20. Nxb5 Nxd5 21. O-O Nb4 22. Qd2 Nxd3 23. Qxd3 Rc6 24.
Ra7 Nf6 25. Re1 Rd8 26. b3 Ra6 27. Rxa6 Bxa6 28. Nc3 Bb7 29. Rd1 d5 30. cxd5 Nxd5 31. Qd2 Rd7 32. Ne4 Nb6 33. Qe1 Rxd1 34. Qxd1 Nd5 35. Qd2 Bc6 36. Qa5 f5 37. Nc5 e4 38.
fxe4 fxe4 39. Qb6 Qf6 40. Qb8+ Kh7 41. h4 e3 42. Bg3 e2 43. Nd3 gxh4 44. Bf2 h3 45. gxh3 Nc3 0-1

[Event "Early-Titled-Tuesday-Blitz-November-28-2023"]
[Site "Chess.com"]
[Date "2023.11.28"]
[Round "5"]
[White "Olya_Oblachko"]
[Black "Zainullina_Nataliya"]
[Result "1/2-1/2"]
[WhiteElo "2250"]
[BlackElo "2121"]
[TimeControl "180+1"]
[EndTime "8:58:31 PST"]
[Termination "Game drawn by repetition"]

1. d4 Nf6 2. c4 e6 3. g3 d5 4. Nf3 Bb4+ 5. Bd2 Be7 6. Bg2 O-O 7.
O-O b6 8. cxd5 exd5 9. Nc3 Bb7 10.
Bf4 c5 11. Rc1 Na6 12. Be5 Ne4 13. dxc5 Naxc5 14. Qd4 Ne6 15. Qd3 f6 16. Bd4 Nxd4 17. Nxd4 Bc5 18. e3 Re8 19. Nce2 Rc8 20. Nf4 Qd6 21.
a3 a5 22. Rfd1 Qe5 23. Rb1 Bxd4 24. exd4 Qd6 25. Rbc1 Rxc1 26. Rxc1 Qd7 27. Qc2 Rc8 28. Qd1 Rxc1 29. Qxc1 Qc6 30. Qxc6 Bxc6 31. Kf1 Kf7 32. Ke2 g5 33. Nd3 Ke6 34. Ke3 Nd6 35. b3 Bb5 36.
g4 Bxd3 37. Kxd3 Nb5 38. a4 Nd6 39. Bf3 h6 40. h3 f5 41. gxf5+ Nxf5 42. Bg4 Kf6 43.
f3 Nd6 44. Ke3 Nf5+ 45. Kd3 Nd6 46. Ke3 Nf5+ 47. Kd3 1/2-1/2

[Event "Early-Titled-Tuesday-Blitz-November-28-2023"]
[Site "Chess.com"]
[Date "2023.11.28"]
[Round "5"]
[White "DreamsAreFake"]
[Black "liczner"]
[Result "0-1"]
[WhiteElo "2650"]
[BlackElo "2889"]
[TimeControl "180+1"]
[EndTime "8:58:32 PST"]
[Termination "liczner won by resignation"]

1. Nf3 Nf6 2. g3 g6 3. Bg2 Bg7 4. O-O d5 5. d4 O-O 6. c3 a5 7. a4 Nfd7 8. Nbd2 c5 9. e4 cxd4 10.
Nxd4 e5 11. Nb5 d4 12. cxd4 exd4 13. Nb3 Nc6 14. N3xd4 Nxd4 15. Nxd4 Ne5 16. Nb5 Qxd1 17. Rxd1 Bg4 18. Rd5 Rad8 19. Nc3 Nf3+ 20. Kh1 Ne1 21. h3 Be6 22. Rxd8 Rxd8 23. Bg5 f6 24. Rxe1 fxg5 25.
e5 Rd2 26. Bxb7 Rxf2 27. Ne4 Rxb2 28. Nxg5 Bc4 29. Bg2 h6 30. Nf3 Rb4 31. Nh4 Bf7 32. e6 Be8 33. e7 Bf6 34. Bd5+ Kg7 35. Nf3 Rxa4 36. h4 Ra1 37. Rxa1 Bxa1 38. g4 Kf6 39. Kg2 Kxe7 40. Kf2 a4 41. Ke3 a3 42. Nd2 Bf7 43. Bxf7 Kxf7 44. Kd3 a2 45. Nb3 Bf6 46. h5 g5 47. Ke4 a1=Q 48. Nxa1 Bxa1 49. Kf5 Bg7 50.
Ke4 Ke6 51. Kd3 Ke5 52. Ke3 Bf6 0-1